 Dungeon Crawl Stone Soup version 0.28-a0-1629-gf728b707aa (webtiles) character file.

Game seed: 2857197347507610246

9945 fragbeetle the Cleaver (level 11, -25/99 HPs)
             Began as a Hill Orc Fighter on Jan 25, 2022.
             Was an Initiate of Yredelemnul.
             Killed by the air
             ... invoked by Gastronok
              (35 damage)
             ... on level 10 of the Dungeon.
             The game lasted 00:21:12 (12570 turns).

fragbeetle the Cleaver (Hill Orc Fighter)          Turns: 12570, Time: 00:21:13

Health: -25/99     AC: 12    Str: 22    XL:     11   Next: 54%
Magic:  17/17      EV: 25    Int:  8    God:    Yredelemnul [......]
Gold:   563        SH:  7    Dex: 19    Spells: 3/10 levels left

rFire   + . .      SeeInvis .   g - +2 war axe
rCold   . . .      Faith    .   c - +0 buckler
rNeg    . . .      Spirit   .   x - +3 leather armour {Will+}
rPois   .          Reflect  .   K - +0 helmet
rElec   .          Harm     .   B - +0 cloak
rCorr   .          Rampage  .   W - +0 pair of gloves
Will    ++...                   U - +0 pair of boots
Stlth   +.........              l - amulet of the acrobat
HPRegen 0.26/turn               k - ring of Liec {rF+ Will+ Str-2 Dex+3}
MPRegen 0.15/turn               r - +6 ring of dexterity

@: acrobatic
A: no striking features
a: Renounce Religion, Recall Undead Harvest


You were on level 10 of the Dungeon.
You worshipped Yredelemnul.
Yredelemnul was aware of your devotion.
You visited 2 branches of the dungeon, and saw 11 of its levels.

You collected 563 gold pieces.

Inventory:

Hand Weapons
 d - a +0 longbow
 g - a +2 war axe (weapon)
 E - a +0 shortbow
Missiles
 i - 6 atropa-tipped darts (quivered)
 j - 265 stones
 p - 35 poisoned darts
 u - 40 sling bullets
 C - 2 throwing nets
 F - 138 arrows
Armour
 b - a +0 scale mail
 c - a +0 buckler (worn)
 q - a +1 leather armour of fire resistance
 x - a +3 leather armour of willpower (worn)
 B - a +0 cloak (worn)
 K - a +0 helmet (worn)
 U - a +0 pair of boots (worn)
 W - a +0 pair of gloves (worn)
Jewellery
 k - the ring of Liec (left hand) {rF+ Will+ Str-2 Dex+3}
   (You found it on level 2 of the Dungeon)

   [ring of willpower]

   Str:       It affects your strength (-2).
   Dex:       It affects your dexterity (+3).
   rF:        It protects you from fire.
   Will:      It increases your willpower.
 l - an amulet of the acrobat (around neck)
 r - a +6 ring of dexterity (right hand)
 D - a ring of positive energy
Wands
 a - a wand of iceblast (5)
 v - a wand of flame (40)
 I - a wand of mindburst (7)
 M - a wand of polymorph (12)
 O - a wand of acid (7)
Scrolls
 f - 4 scrolls of magic mapping {unknown}
 h - 7 scrolls of identify {unknown}
 n - 2 scrolls of vulnerability {unknown}
 o - 3 scrolls of fog {unknown}
 s - 2 scrolls of noise {unknown}
 t - 2 scrolls of enchant armour {unknown}
 w - 3 scrolls of holy word {unknown}
 y - a scroll of amnesia {unknown}
 z - a scroll of enchant weapon {unknown}
 G - 3 scrolls of teleportation {unknown}
 J - a scroll of fear {unknown}
 P - a scroll of immolation {unknown}
 Q - 2 scrolls of torment {unknown}
Potions
 e - 2 potions of brilliance
 m - a potion of berserk rage {unknown}
 A - a potion of degeneration {unknown}
 H - a potion of mutation {unknown}
 L - a potion of cancellation
 N - 3 potions of might
 R - a potion of flight {unknown}
 S - a potion of lignification {unknown}
 T - a potion of magic {unknown}
 V - a potion of heal wounds {unknown}


   Skills:
 + Level 9.8 Fighting
 * Level 13.5 Axes
 + Level 9.0 Armour
 + Level 9.1 Shields
 * Level 8.3 Invocations


You had 3 spell levels left.
You knew the following spells:

 Your Spells              Type           Power      Damage    Failure   Level
a - Haunt                 Necr/Summ      0%         N/A       100%        7

Your spell library contained the following spells:

 Spells                   Type           Power      Damage    Failure   Level
 Beastly Appendage        Tmut           0%         N/A       52%         1
 Sandblast                Erth           0%         2d4       52%         1
 Shock                    Conj/Air       0%         1d3       52%         1
 Passwall                 Tmut/Erth      0%         N/A       67%         2
 Wereblood                Tmut           0%         N/A       67%         2
 Spider Form              Tmut/Pois      0%         N/A       88%         3
 Stone Arrow              Conj/Erth      0%         3d7       88%         3
 Swiftness                Air            0%         N/A       88%         3
 Airstrike                Air            0%         N/A       99%         4
 Animate Dead             Necr           0%         N/A       99%         4
 Infestation              Necr           0%         N/A       100%        8


Dungeon Overview and Level Annotations

Branches:
Dungeon (10/15)            Temple (1/1) D:7            Lair (0/6) D:10
    Orc (0/2) D:10

Altars:
Ashenzari
Cheibriados
Dithmenos
Elyvilon
Fedhas
Gozag
Hepliaklqana
Kikubaaqudgha
Makhleb
Nemelex Xobeh
Okawaru
Qazlal
Ru
Sif Muna
Trog
Uskayaw
Vehumet
Wu Jian
Xom
Yredelemnul
Zin
The Shining One

Shops:
D:5 =

Annotations:
D:3 Terence
D:4 2 transporters, ThrustWizard's ghost, amateur GnWn
D:10 exclusion: door, Gastronok


Message History

Gastronok is nearby!
Throw: 40 darts (poison)
Press: ? - help, Shift-Dir - straight line, f/p - Gastronok
Aim: Gastronok, wearing the +3 hat of Pondering {ponderous, Will+ MP+10 Int+5} (severely wounded, 94% to hit)
You throw a poisoned dart. The poisoned dart hits Gastronok.
Gastronok is poisoned.
Gastronok is severely wounded.
Throw: 39 darts (poison)
Press: ? - help, Shift-Dir - straight line, f/p - Gastronok
Aim: Gastronok, wearing the +3 hat of Pondering {ponderous, Will+ MP+10 Int+5} (severely wounded, poisoned, 94% to hit)
You throw a poisoned dart. The poisoned dart hits Gastronok.
Gastronok looks even sicker.
Gastronok is severely wounded.
Throw: 38 darts (poison)
Press: ? - help, Shift-Dir - straight line, f/p - Gastronok
Aim: Gastronok, wearing the +3 hat of Pondering {ponderous, Will+ MP+10 Int+5} (severely wounded, very poisoned, 94% to hit)
You throw a poisoned dart. The poisoned dart hits Gastronok.
Gastronok looks even sicker.
Gastronok is severely wounded.
Gastronok gurgles.
Throw: 37 darts (poison)
Press: ? - help, Shift-Dir - straight line, f/p - Gastronok
Aim: Gastronok, wearing the +3 hat of Pondering {ponderous, Will+ MP+10 Int+5} (severely wounded, very poisoned, 94% to hit)
You throw a poisoned dart. The poisoned dart hits Gastronok.
Gastronok looks even sicker.
Gastronok is severely wounded.
Throw: 36 darts (poison)
Press: ? - help, Shift-Dir - straight line, f/p - Gastronok
Aim: Gastronok, wearing the +3 hat of Pondering {ponderous, Will+ MP+10 Int+5} (almost dead, very poisoned, 94% to hit)
You throw a poisoned dart.
The poisoned dart completely misses Gastronok.
Gastronok waves his eye-stalks in wide circles.
The air twists around and strikes you!
* * * LOW HITPOINT WARNING * * *
You start resting.
Gastronok is nearby!
Gastronok waves his eye-stalks in wide circles.
The air twists around and strikes you!!
You die...
Your body rises from the dead as a mindless zombie.

.#.# #.# ###.....####### ...# #.#
##.........## ## .###
#####.#####..P........###.
#.######...................P..#..
...............w.......>.........
########.##...##........((....#..
# #.###.###.#...........###. #
#.##..# #.##.........## ## #
#.##.## #@####.....### # # #.##.#
#.#####+.##### # #
#.##w####(##......<..# #
#..(...w..##.##.####.# #
####.#######.##.####.# #.#
#.#......... #.# #......##.## #.#
#.#...## #.#######.##..###


You could see Gastronok (poisoned).

Vanquished Creatures
  A centaur warrior (D:9)
  A two-headed ogre (D:8)
  A cyclops (D:7)
  An elephant (D:10)
  2 hornets
  A troll (D:10)
  A vampire (D:9)
  7 yaks
  A wyvern (D:10)
  3 wraiths (D:10)
  A steam dragon (D:8)
  Duvessa (D:4)
  A black bear (D:10)
  An orc warrior (D:9)
  A hornet zombie (D:6)
  3 sky beasts
  2 ogres
  6 necrophages
  3 phantoms (D:10)
  3 centaurs
  3 kobold brigands
  4 bullfrogs
  2 scorpions (D:6)
  A water moccasin zombie (D:5)
  2 water moccasin skeletons (D:6)
  Dowan (D:4)
  16 killer bees
  7 wights (D:7)
  2 troll zombies (D:10)
  A vampire bat (D:9)
  A centaur zombie (D:9)
  4 hounds
  A jelly (D:5)
  4 orc priests
  A centaur skeleton (D:4)
  2 iguanas
  8 orc wizards
  A killer bee zombie (D:8)
  6 ogre zombies (D:10)
  A howler monkey skeleton (D:6)
  7 adders
  8 gnolls
  A shadow imp (D:7)
  2 white imps
  An ufetubus (D:5)
  3 dart slugs
  12 orcs
  5 ball pythons
  11 bats
  3 endoplasms
  2 giant cockroaches (D:4)
  4 goblins
  6 hobgoblins
  11 jackals
  2 quokkas
  2 frilled lizards (D:2)
  2 goblin zombies (D:10)
  2 hobgoblin skeletons (D:10)
  3 hobgoblin zombies (D:10)
  7 kobolds
  An orc skeleton (D:10)
  17 orc zombies (D:10)
  5 rats
226 creatures vanquished.

Vanquished Creatures (collateral kills)
  A centaur zombie (D:7)
  A troll (D:9)
  A basilisk (D:10)
  A black bear (D:6)
  A centaur (D:6)
  A kobold brigand (D:9)
  A wight (D:7)
  An orc wizard (D:10)
  An orc (D:10)
  5 kobolds (D:9)
14 creatures vanquished.

Vanquished Creatures (others)
  A cyclops zombie (D:7)
  A yak zombie (D:8)
  A killer bee (D:8)
  2 bullfrog zombies
  2 black bear zombies
  A killer bee zombie (D:8)
  A necrophage zombie (D:6)
  A hound zombie (D:6)
  A steam dragon zombie (D:8)
  2 orc zombies
  A bat zombie (D:9)
  2 kobold zombies
  A bush (D:6)
17 creatures vanquished.

Grand Total: 257 creatures vanquished

Notes
Turn   | Place    | Note
-------+----------+-------------------------------------------
     0 | D:1      | fragbeetle the Hill Orc Fighter began the quest for the
                  | Orb.
     0 | D:1      | Reached XP level 1. HP: 19/19 MP: 1/1
   217 | D:1      | Reached skill level 3 in Axes
   217 | D:1      | Reached XP level 2. HP: 24/27 MP: 2/2
   433 | D:1      | Found a faded altar of an unknown god.
   605 | D:2      | Reached XP level 3. HP: 31/33 MP: 3/3
   636 | D:2      | Identified the ring of Liec {rF+ Will+ Str-2 Dex+3}
  1170 | D:3      | Reached XP level 4. HP: 40/40 MP: 4/4
  1588 | D:3      | Noticed Terence
  1960 | D:4      | Found a transporter.
  1962 | D:4      | Noticed ThrustWizard's ghost (amateur GnWn)
  1964 | D:4      | Found a transporter.
  2031 | D:4      | Reached skill level 4 in Axes
  2032 | D:4      | Reached XP level 5. HP: 24/47 MP: 5/5
  2265 | D:4      | Noticed a kobold brigand
  2285 | D:4      | Killed a kobold brigand
  2355 | D:4      | Reached skill level 5 in Fighting
  2355 | D:4      | Reached XP level 6. HP: 49/56 MP: 6/6
  2562 | D:4      | Noticed Duvessa
  2575 | D:4      | Noticed Dowan
  2586 | D:4      | Killed Duvessa
  2587 | D:4      | Reached skill level 5 in Axes
  2587 | D:4      | Reached skill level 5 in Shields
  2592 | D:4      | Killed Dowan
  2593 | D:4      | Reached XP level 7. HP: 26/61 MP: 7/7
  3037 | D:5      | Entered Level 5 of the Dungeon
  3078 | D:5      | Found Bot Jitz's Jewellery Shoppe.
  3082 | D:5      | Reached skill level 5 in Armour
  3279 | D:5      | Reached skill level 6 in Axes
  3633 | D:5      | Found a shimmering blue altar of Sif Muna.
  3875 | D:5      | Reached skill level 7 in Axes
  3875 | D:5      | Reached XP level 8. HP: 69/70 MP: 8/8
  4162 | D:6      | You fall into a shaft and drop 2 floors!
  4167 | D:8      | Found a sacrificial altar of Ru.
  4178 | D:8      | Reached skill level 8 in Axes
  4433 | D:8      | Noticed a yak
  4433 | D:8      | Noticed a yak
  4433 | D:8      | Noticed a yak
  4433 | D:8      | Noticed a yak
  4461 | D:8      | Killed a yak
  4552 | D:7      | Reached skill level 9 in Axes
  4554 | D:7      | Reached XP level 9. HP: 26/79 MP: 9/9
  4933 | D:7      | Found a staircase to the Ecumenical Temple.
  4986 | Temple   | Entered the Ecumenical Temple
  5027 | Temple   | Became a worshipper of Yredelemnul the Dark
  5169 | D:7      | HP: 2/71 [wight/bolt of acid (17)]
  5634 | D:6      | Reached * piety under Yredelemnul
  5657 | D:6      | Reached ** piety under Yredelemnul
  5788 | D:6      | Reached skill level 10 in Axes
  5944 | D:6      | Reached *** piety under Yredelemnul
  6520 | D:6      | Found a sparkling altar of Nemelex Xobeh.
  6625 | D:7      | Learned a level 7 spell: Haunt
  6626 | D:7      | Noticed a cyclops
  6642 | D:7      | Killed a cyclops
  6643 | D:7      | Reached skill level 11 in Axes
  6643 | D:7      | Reached XP level 10. HP: 51/89 MP: 9/11
  8053 | D:8      | Found a glowing silver altar of Zin.
  8054 | D:8      | Noticed an angel
  8293 | D:8      | Found a shadowy altar of Dithmenos.
  8354 | D:8      | Reached skill level 5 in Invocations
  8412 | D:8      | Reached skill level 12 in Axes
  8667 | D:8      | Found a hide-covered altar of Uskayaw.
  8814 | D:8      | Noticed a two-headed ogre
  8826 | D:8      | Killed a two-headed ogre
  9715 | D:9      | Paralysed by a hornet for 3 turns
  9723 | D:9      | Paralysed by a hornet for 3 turns
 10027 | D:9      | Reached XP level 11. HP: 83/97 MP: 15/15
 10139 | D:9      | Noticed a centaur warrior
 10150 | D:9      | Killed a centaur warrior
 10490 | D:9      | Reached skill level 13 in Axes
 10494 | D:9      | Reached **** piety under Yredelemnul
 10714 | D:9      | Reached ***** piety under Yredelemnul
 10998 | D:10     | Entered Level 10 of the Dungeon
 11312 | D:10     | Found a staircase to the Orcish Mines.
 11520 | D:10     | Noticed Gastronok
 11621 | D:10     | Found a staircase to the Lair.
 12314 | D:10     | Found an ornate altar of the Wu Jian Council.
 12570 | D:10     | Killed from afar by Gastronok

Illustrated notes

Levels and vault maps discovered:
D:1:      dpeg_arrival_round_a, layout_rooms, nicolae_ecumenical_lake_church
D:2:      layout_basic
D:3:      layout_loops_cross, kennysheep_generic_room_14, uniq_terence
D:4:      layout_cave_pools, gammafunk_ghost_arena, uniq_duvessa
D:5:      layout_loops_cross, mainiacjoe_overflow_24_doors, serial_shops, shop
D:6:      layout_rooms, nemelex_dance_club_becter, kb_lookout_dungeons_type,
          minmay_bent
D:7:      layout_rooms, minmay_temple_entry_nine_rooms
D:8:      layout_basic, nicolae_uskayaw_suspiria, zin_angel,
          lemuel_crystal_altar, mainiacjoe_overflow_six_doors_small,
          minmay_circle_x
D:9:      layout_roguey, roderic_batcave, minmay_misc_feat_columns,
          nrook_mini_vaults
D:10:     layout_loops_corners, lemuel_doored_altar, david_lair_generic,
          zombieorc2_lemuel, uniq_gastronok
Temple:   regret_index_temple_waves

Skill      XL: |  1  2  3  4  5  6  7  8  9 10 11 |
---------------+----------------------------------+-----
Axes           | 3 4 5 7 9 11 12 13 | 13.5
Fighting       | 4 5 6 7 8 9 |  9.8
Shields        | 4 5 6 7 8 9 |  9.1
Armour         | 4 5 6 7 8 9 |  9.0
Invocations    | 2 6 8 |  8.3

Action                   |  1- 3 |  4- 6 |  7- 9 | 10-12 || total
-------------------------+-------+-------+-------+-------++-------
Melee: War axe           |    58 |   107 |   259 |   381 ||   805
Throw: Dart              |       |     4 |     3 |    13 ||    20
Invok: Dark Bargain      |       |       |       |     2 ||     2
       Recall Undead Har |       |       |       |     1 ||     1
  Use: Potion            |       |     1 |     6 |     3 ||    10
 Stab: Sleeping          |       |       |     3 |       ||     3
       Distracted        |       |       |     1 |     5 ||     6
Armor: Scale mail        |    27 |    34 |       |       ||    61
       Leather armour    |       |       |    71 |   142 ||   213
Dodge: Dodged            |    33 |    67 |   144 |   173 ||   417
Block: Buckler           |    12 |    45 |    88 |   125 ||   270

Table legend: (Time is in decaauts)
 A = Elapsed time spent in this place.
 B = Non-inter-level travel time spent in this place.
 C = Inter-level travel time spent in this place.
 D = Time resting spent in this place.
 E = Time spent auto-exploring this place.
 F = Levels seen in this place.
 G = Mean time per level.
                   A        B        C        D        E       F      G
               +--------+--------+--------+--------+--------+-----+--------+
         Total |  12619 |  12176 |    443 |   1286 |   8784 |  11 | 1147.2 |
       Dungeon |  12473 |  12100 |    373 |   1286 |   8727 |  10 | 1247.3 |
        Temple |    145 |     75 |     70 |      0 |     57 |   1 |  145.0 |
               +--------+--------+--------+--------+--------+-----+--------+

Top non-repeatable levels by time:
     D:8: 2142 daAuts
     D:9: 1845 daAuts
    D:10: 1558 daAuts
     D:6: 1502 daAuts
     D:7: 1255 daAuts
     D:4: 1155 daAuts
     D:5: 1068 daAuts
     D:2: 790 daAuts
     D:1: 605 daAuts
     D:3: 550 daAuts
  Temple: 145 daAuts
